 Dungeon Crawl Stone Soup version 0.21.1-1-g345015f (webtiles) character file.

219 kaesh the Covered (level 5, 0/47 HPs)
             Began as a Minotaur Fighter on Mar 5, 2018.
             Killed by nerve-wracking pain
             ... invoked by Grinder
              (10 damage)
             ... on level 4 of the Dungeon.
             The game lasted 00:05:26 (2722 turns).

kaesh the Covered (Minotaur Fighter)                Turns: 2722, Time: 00:05:27

Health: 0/47       AC:  7    Str: 21    XL:     5   Next: 64%
Magic:  4/4        EV:  8    Int:  5    God:
Gold:   115        SH: 10    Dex: 10    Spells: 4/4 levels left

rFire    . . .     SeeInvis .   a - +0 flail
rCold    . . .     Gourm    .   c - +1 shield
rNeg     . . .     Faith    .   b - +0 scale mail
rPois    .         Spirit   .   (helmet restricted)
rElec    .         Reflect  .   (no cloak)
rCorr    .         Harm     .   (no gloves)
MR       .....                  (no boots)
Stlth    ..........             (no amulet)
HPRegen  0.15/turn              (no ring)
MPRegen  0.09/turn              (no ring)

@: no status effects
A: retaliatory headbutt, horns 2
a: no special abilities


You were on level 4 of the Dungeon.
You were not hungry.

You visited 1 branch of the dungeon, and saw 4 of its levels.

You collected 115 gold pieces.

Inventory:

Hand Weapons
 a - a +0 flail (weapon)
Armour
 b - a +0 scale mail (worn)
 c - a +1 shield (worn)
Scrolls
 e - a scroll of fear
 g - a scroll of fog
 j - a scroll of amnesia
 k - a scroll of noise
 l - 5 scrolls of identify
Potions
 d - a potion of might
 h - a potion of lignification
 i - 3 potions of heal wounds {unknown}
 m - 2 potions of curing {unknown}
 n - a potion of brilliance {unknown}
 o - a potion of resistance {unknown}
 s - a potion of ambrosia {unknown}
Comestibles
 f - 6 rations


   Skills:
 + Level 4.3 Fighting
 + Level 4.5 Maces & Flails
 + Level 4.9 Armour
 + Level 1.5 Dodging
 + Level 0.1 Stealth
 + Level 4.7 Shields


You had 4 spell levels left.
You didn't know any spells.

Dungeon Overview and Level Annotations

Branches:
Dungeon (4/15)
 Temple: D:4-7

Altars:
Fedhas
Wu Jian
Xom

Annotations:
D:4 Grinder


Innate Abilities, Weirdness & Mutations

You reflexively headbutt those who attack you in melee.
You have a pair of horns on your head.


Message History

* * * LOW HITPOINT WARNING * * *
Grinder blinks!
Grinder blinks!
You are too injured to fight recklessly!
Grinder gestures at you.
You suddenly lose the ability to move!
Grinder blinks!
You can move again.
You closely miss Grinder.
Grinder is severely wounded.
Grinder hits you but does no damage.
You barely miss Grinder.
Grinder is severely wounded.
Grinder hits you.
* * * LOW HITPOINT WARNING * * *
You closely miss Grinder. Your headbutt misses Grinder.
Grinder is severely wounded.
Grinder gestures at you. Pain shoots through your body!
You die...

*****########## #####*****
*,,,,.........####...,,,,,*
**,,,,.#.....#....#.#*****,*
*,,,,,..............# *,*
*,,,,,..............#### *,*
*,,,,,......5@.........###.#
*,>,,,##.....#....%........#
*,,,,,*#.#.#.#.....###.#####
*,,,,,,,,#*#.#########.####
*,,,,,*****#+** #......#
*,,,,,* **,,,** #...##.#
***,*** **,,,,,** #..###.#
**,,* **,,,,,,,** #......#
****,,,****,,,,,,,,,####...###


You could see Grinder.

Vanquished Creatures
  An orc priest (D:3)
  A worker ant (D:4)
  3 gnolls (D:2)
  4 adders
  An ooze (D:3)
  An adder skeleton (D:4)
  3 worms
  2 dart slugs
  A leopard gecko (D:1)
  4 orcs (D:3)
  5 bats
  2 giant cockroaches (D:2)
  5 goblins
  11 hobgoblins
  11 jackals
  8 kobolds
  A quokka (D:2)
  4 frilled lizards
  5 rats
73 creatures vanquished.

Notes
Turn   | Place    | Note
-------+----------+-------------------------------------------
     0 | D:1      | kaesh the Minotaur Fighter began the quest for the Orb.
     0 | D:1      | Reached XP level 1. HP: 19/19 MP: 0/0
    96 | D:1      | Reached XP level 2. HP: 20/27 MP: 1/1
   650 | D:2      | Reached XP level 3. HP: 33/33 MP: 2/2
   717 | D:2      | Reached skill level 1 in Dodging
   717 | D:2      | Reached XP level 4. HP: 19/40 MP: 3/3
  1261 | D:2      | Found a shimmering altar of Xom.
  1261 | D:2      | Found an ornate altar of the Wu Jian Council.
  1266 | D:2      | Found a blossoming altar of Fedhas.
  1268 | D:2      | Found a faded altar of an unknown god.
  1270 | D:2      | Found a faded altar of an unknown god.
  1845 | D:3      | Reached XP level 5. HP: 43/46 MP: 4/4
  2696 | D:4      | Noticed Grinder
  2715 | D:4      | Paralysed by Grinder for 5 turns
  2722 | D:4      | Killed from afar by Grinder

Skill      XL: |  1  2  3  4 |
---------------+-------------+-----
Armour         | 4 |  4.9
Fighting       | 4 |  4.3
Maces & Flails | 3 4 |  4.5
Shields        | 4 |  4.7
Dodging        | 1 |  1.5
Stealth        | |  0.1

Action                   |  1- 3 |  4- 6 || total
-------------------------+-------+-------++-------
Melee: Flail             |    98 |   110 ||   208
       Headbutt          |    18 |    21 ||    39
  Use: Scroll            |     2 |     5 ||     7
  Eat: Chunk             |       |     6 ||     6
Armor: Scale mail        |    34 |    32 ||    66
Dodge: Dodged            |    28 |    32 ||    60
Block: Shield            |    59 |    56 ||   115
